 Dungeon Crawl Stone Soup version 0.24-a0-536-gdd4cf15266 (webtiles) character file.

Game seed: 16629801411556396645

10679 Mithandil the Carver (level 11, -22/94 HPs)
             Began as a Minotaur Gladiator on Aug 10, 2019.
             Was an Elder of the Shining One.
             Annihilated by a komodo dragon (28 damage)
             ... on level 2 of the Lair of Beasts on Aug 11, 2019.
             The game lasted 00:57:37 (11517 turns).

Mithandil the Carver (Minotaur Gladiator)          Turns: 11517, Time: 00:57:37

Health: -22/94     AC: 13    Str: 23    XL:     11   Next: 39%
Magic:  19/19      EV:  9    Int:  5    God:    the Shining One [****..]
Gold:   328        SH: 10    Dex: 11    Spells: 10/10 levels left

rFire    . . .     SeeInvis +   b - +3 falchion (slice)
rCold    . . .     Gourm    .   X - +0 shield
rNeg     + + .     Faith    .   j - +0 chain mail {rPois}
rPois    +         Spirit   .   c - +0 hat
rElec    .         Reflect  .   (no cloak)
rCorr    .         Harm     .   i - +1 pair of gloves
MR       .....                  (no boots)
Stlth    ..........             (no amulet)
HPRegen  0.25/turn              P - ring of magical power
MPRegen  0.16/turn              u - ring of see invisible

@: glowing
A: retaliatory headbutt, horns 2
a: Divine Shield, Cleansing Flame, Renounce Religion


You were on level 2 of the Lair of Beasts.
You worshipped the Shining One.
The Shining One was greatly pleased with you.
You were not hungry.

You visited 3 branches of the dungeon, and saw 13 of its levels.
You also visited: Ossuary.

You collected 574 gold pieces.
You spent 246 gold pieces at shops.

Inventory:

Hand Weapons
 a - a +0 short sword of venom
 b - a +3 falchion of slicing (weapon)
 h - a +3 dagger
 o - a +0 spear of venom
 r - a +1 dire flail of holy wrath
 y - a +2 morningstar of holy wrath
 R - a +2 mace of venom
 S - a +0 whip of electrocution
Missiles
 d - 9 throwing nets
 e - 78 sling bullets
 l - 71 bolts
 x - 32 poisoned darts (quivered)
 A - 260 arrows
 F - 4 silver boomerangs
Armour
 c - a +0 hat (worn)
 i - a +1 pair of gloves (worn)
 j - a +0 chain mail of poison resistance (worn)
 s - a +1 chain mail of cold resistance
 z - a +2 plate armour
 C - a +0 scale mail of positive energy
 X - a +0 shield (worn)
Jewellery
 p - an uncursed ring of ice
 u - a ring of see invisible (right hand)
 P - a ring of magical power (left hand)
Wands
 t - a wand of polymorph (10)
 v - a wand of acid (9)
 E - a wand of enslavement (19)
 Q - a wand of scattershot (2)
Scrolls
 g - 9 scrolls of remove curse
 B - a scroll of identify
 D - 3 scrolls of teleportation
 G - 2 scrolls of amnesia
 T - a scroll of fog
Potions
 w - a potion of haste
 H - a potion of curing
 K - 2 potions of cancellation
 L - a potion of berserk rage
 N - 3 potions of flight
 V - a potion of resistance
Comestibles
 f - 8 rations
 k - 3 chunks of flesh


   Skills:
 + Level 7.9 Fighting
 * Level 9.8(11.6) Short Blades
 * Level 11.2(12.8) Long Blades
 - Level 6.0 Throwing
 + Level 7.4 Armour
 + Level 7.5 Dodging
 + Level 4.6 Shields


You had 10 spell levels left.
You didn't know any spells.
Your spell library contained the following spells:

 Spells                   Type           Power        Failure   Level  Hunger
 Freeze                   Ice            #...         100%        1    ##.....
 Throw Frost              Conj/Ice       #.....       100%        2    ###....
 Ozocubu's Armour         Chrm/Ice       #.......     100%        3    ####...
 Summon Ice Beast         Ice/Summ       #.......     100%        4    #####..
 Throw Icicle             Conj/Ice       #.......     100%        4    #####..
 Bolt of Magma            Conj/Fire/Erth #.........   100%        5    ######.
 Iskenderun's Battlesphe  Conj/Chrm      #.......     100%        5    ######.
 Venom Bolt               Conj/Pois      #.........   100%        5    ######.
 Iron Shot                Conj/Erth      #.........   100%        6    #######
 Orb of Destruction       Conj           #.........   100%        7    #######
 Spellforged Servitor     Conj/Summ      #.........   100%        7    #######


Dungeon Overview and Level Annotations

Branches:
Dungeon (10/15)            Temple (1/1) D:5            Lair (2/6) D:9
  Swamp: Lair:2-4    Shoals: Lair:2-4     Snake: Lair:2-4    Spider: Lair:2-4
    Orc: D:9-12

Altars:
Ashenzari
Cheibriados
Dithmenos
Elyvilon
Fedhas
Gozag
Hepliaklqana
Kikubaaqudgha
Makhleb
Nemelex Xobeh
Okawaru
Qazlal
Ru
Sif Muna
Uskayaw
Vehumet
Wu Jian
Xom
Yredelemnul
Zin
The Shining One

Shops:
D:5 %   D:7 ?

Annotations:
Lair:1 2 transporters


Innate Abilities, Weirdness & Mutations

You reflexively headbutt those who attack you in melee.
You have a pair of horns on your head.


Message History

You hit the komodo dragon.
The komodo dragon is lightly wounded.
The komodo dragon bites you but does no damage.
You hit the komodo dragon. You headbutt the komodo dragon!
The komodo dragon is moderately wounded.
The komodo dragon bites you!
* * * LOW HITPOINT WARNING * * *
You hit the komodo dragon but do no damage.
The komodo dragon is moderately wounded.
The komodo dragon bites you!!
* * * LOW HITPOINT WARNING * * *
You hit the komodo dragon.
The komodo dragon is heavily wounded.
You block the komodo dragon's attack.
You hit the komodo dragon but do no damage.
The komodo dragon is heavily wounded.
You slash the komodo dragon! Your headbutt misses the komodo dragon.
The komodo dragon is severely wounded.
The komodo dragon bites you!!
You die...

.P ..## .... ### ...#
.... ##.###...#.....h.
....##..#.P..#....⌠...
#..........#........
##....)....##......###
#.)..##l.###..⌠...#...
#......@..#...........
#...#.†.÷.............
#. #⌠.<....⌠.<.⌠..⌠..
#...÷.............
##.⌠..#........)..
####..#..⌠...#.##
....##.......#
......##.......
.......#....§...


You could see a komodo dragon.

Vanquished Creatures
  Harold (D:9)
  An unseen horror (D:9)
  2 black mambas
  2 spiny frogs (Lair:1)
  A rime drake (Lair:1)
  A slime creature (D:8)
  2 hippogriffs (D:7)
  4 blink frogs
  A hungry ghost (D:9)
  Edmund (D:5)
  4 porcupines
  2 water moccasins
  A hornet zombie (Ossuary)
  2 orc warriors (D:9)
  An ice beast (D:6)
  2 phantoms
  3 ogres
  7 centaurs
  12 wolves
  4 sky beasts
  A crocodile (Lair:1)
  5 bullfrogs
  A wyvern zombie (Ossuary)
  A water moccasin zombie (Ossuary)
  A scorpion (D:4)
  4 killer bees (D:7)
  A crimson imp (D:6)
  7 howler monkeys
  A centaur zombie (Ossuary)
  6 bullfrog zombies
  7 jellies
  3 hounds
  4 orc priests
  A centaur skeleton (D:5)
  12 orc wizards
  Jessica (D:2)
  Terence (D:2)
  3 iguanas
  2 worker ants
  2 killer bee zombies (Ossuary)
  2 hound zombies (Ossuary)
  2 hound skeletons
  15 mummies (Ossuary)
  8 gnolls
  3 worker ant zombies (Ossuary)
  4 adders
  11 river rats (D:6)
  18 oozes
  3 adder zombies (Ossuary)
  An adder skeleton (D:7)
  3 dart slugs (D:2)
  A worm (D:4)
  54 orcs
  5 bats
  4 giant cockroaches
  5 goblins
  4 hobgoblins (D:2)
  15 jackals
  3 kobolds
  A quokka (D:3)
  A ball python (D:3)
  A giant cockroach zombie (D:5)
  A leopard gecko zombie (Ossuary)
  A quokka zombie (Ossuary)
  15 rats
299 creatures vanquished.

Vanquished Creatures (others)
  7 fungi (D:8)
  A plant (Lair:2)
  A withered plant (Ossuary)
9 creatures vanquished.

Grand Total: 308 creatures vanquished

Notes
Turn   | Place    | Note
-------+----------+-------------------------------------------
     0 | D:1      | Mithandil the Minotaur Gladiator began the quest for the
                  | Orb.
     0 | D:1      | Reached XP level 1. HP: 18/18 MP: 0/0
   243 | D:2      | Reached XP level 2. HP: 21/25 MP: 1/1
   273 | D:1      | Reached skill level 4 in Long Blades
   630 | D:2      | Found an opulent altar of Gozag.
   704 | D:2      | Noticed Terence
   707 | D:2      | Reached skill level 1 in Armour
   707 | D:2      | Reached XP level 3. HP: 29/30 MP: 2/2
   714 | D:2      | Reached skill level 1 in Short Blades
   722 | D:2      | Killed Terence
   722 | D:2      | Reached XP level 4. HP: 19/37 MP: 3/3
   940 | D:2      | Noticed Jessica
   947 | D:2      | Killed Jessica
  1037 | D:3      | Found a faded altar of an unknown god.
  1320 | D:3      | Reached XP level 5. HP: 26/45 MP: 4/4
  1464 | D:3      | Found a hide-covered altar of Uskayaw.
  1839 | D:4      | Noticed an ogre
  1841 | D:4      | Noticed a phantom
  1857 | D:4      | Killed an ogre
  1857 | D:4      | Reached skill level 5 in Long Blades
  2103 | D:4      | Killed a phantom
  2103 | D:4      | Reached XP level 6. HP: 48/52 MP: 5/5
  2107 | D:4      | Found a stormy altar of Qazlal.
  2107 | D:4      | Found a blossoming altar of Fedhas.
  2260 | D:5      | Entered Level 5 of the Dungeon
  2260 | D:5      | Found Lecet's Food Boutique.
  2387 | D:4      | Reached XP level 7. HP: 57/59 MP: 6/6
  3043 | D:4      | Found an ancient bone altar of Kikubaaqudgha.
  3136 | D:4      | Reached skill level 6 in Long Blades
  3263 | D:4      | Found a shattered altar of Ashenzari.
  3451 | D:4      | Found a radiant altar of Vehumet.
  4027 | D:5      | Noticed Edmund
  4051 | D:5      | Killed Edmund
  4186 | D:5      | Found a staircase to the Ecumenical Temple.
  4203 | Temple   | Entered the Ecumenical Temple
  4357 | Temple   | Became a worshipper of the Shining One
  4527 | D:5      | Reached XP level 8. HP: 43/67 MP: 7/7
  5063 | D:6      | Reached skill level 5 in Short Blades
  5083 | D:6      | Reached skill level 7 in Long Blades
  5219 | D:6      | Reached skill level 5 in Dodging
  5293 | D:6      | Reached skill level 5 in Fighting
  5393 | D:6      | Got a fine cloak
  5411 | D:6      | Identified the cursed -5 cloak of Yredelemnul's Outrage
                  | {Regen+} (You found it on level 6 of the Dungeon)
  5705 | D:6      | Upgraded the game from 0.24-a0-535-gbb0d440638 to
                  | 0.24-a0-536-gdd4cf15266
  5796 | D:6      | You fall into a shaft and drop 1 floor!
  5910 | D:6      | Found a glowing silver altar of Zin.
  6268 | D:7      | Reached skill level 8 in Long Blades
  6309 | D:7      | Found a hazy altar of Hepliaklqana.
  6360 | D:7      | Reached XP level 9. HP: 73/74 MP: 8/8
  6373 | D:7      | Reached skill level 1 in Shields
  6723 | D:8      | Found a sand-covered staircase.
  6732 | Ossuary  | Entered an ossuary
  6736 | Ossuary  | Reached * piety under the Shining One
  6747 | Ossuary  | Reached skill level 5 in Armour
  6854 | Ossuary  | Reached ** piety under the Shining One
  6962 | Ossuary  | Reached skill level 5 in Throwing
  6989 | Ossuary  | Reached *** piety under the Shining One
  7384 | D:7      | Reached skill level 9 in Long Blades
  7439 | D:7      | Found a white marble altar of Elyvilon.
  7517 | D:7      | Found the +6 lightning scales {run, rElec}
  7597 | D:7      | Found Agatega's Magic Scroll Emporium.
  7600 | D:7      | Bought a scroll of identify for 26 gold pieces
  7600 | D:7      | Bought a scroll of enchant weapon for 97 gold pieces
  7600 | D:7      | Bought a scroll of identify for 26 gold pieces
  7600 | D:7      | Bought a scroll of enchant armour for 97 gold pieces
  7718 | D:8      | Found a sparkling altar of Nemelex Xobeh.
  7790 | D:8      | Reached XP level 10. HP: 77/83 MP: 9/9
  7866 | D:8      | Reached **** piety under the Shining One
  8276 | D:8      | Found an ornate altar of the Wu Jian Council.
  8771 | D:10     | Entered Level 10 of the Dungeon
  8802 | D:9      | Noticed Harold
  8831 | D:9      | Killed Harold
  9130 | D:9      | Reached skill level 10 in Long Blades
  9304 | D:9      | Noticed an unseen horror
  9314 | D:9      | Killed an unseen horror
  9315 | D:9      | Found a staircase to the Lair.
  9508 | Lair:1   | Entered Level 1 of the Lair of Beasts
  9508 | Lair:1   | Found a stormy altar of Qazlal.
  9596 | Lair:1   | Noticed a black mamba
  9605 | Lair:1   | Killed a black mamba
  9659 | Lair:1   | Found a transporter.
  9734 | Lair:1   | Found a transporter.
  9737 | Lair:1   | Noticed a fire crab
  9738 | Lair:1   | Noticed a fire crab
  9858 | Lair:1   | Noticed a spiny frog
  9862 | Lair:1   | Killed a spiny frog
  9869 | Lair:1   | Reached XP level 11. HP: 87/92 MP: 10/10
 10675 | Lair:2   | HP: 4/93 [wolf (2)]
 11036 | Lair:2   | Reached skill level 11 in Long Blades
 11517 | Lair:2   | Annihilated by a komodo dragon

Levels and vault maps discovered:
D:1:      lightli_arrival_farm, layout_loops_corners
D:2:      layout_basic, nicolae_gozag_seed_capital, serial_park_tiny_1,
          uniq_jessica, uniq_terence
D:3:      layout_basic, eat_drink_and_be_merry_uskayaw,
          chequers_ecumenical_altar_island
D:4:      layout_layer_cave, grunt_temple_overflow_forces_of_nature,
          ashenzari_conservatory_becter, minitemple
D:5:      layout_basic, minmay_temple_entry_tees, first_ration, serial_shops,
          shop, uniq_edmund
D:6:      layout_loops_ring, kennysheep_mini_moat, dk_rats_in_the_wall
D:7:      layout_loops_ring, elyvilon_altar_5, nicolae_overflow_hidden_temple,
          serial_shops, kennysheep_mini
D:8:      lemuel_slime, layout_gridville, lemuel_round_altar,
          nemelex_xobeh_ov_fountains_minmay, serial_glass, glass_columns_a,
          glass_columns_c, minmay_strange_pillars, minmay_strange_pillars,
          minmay_strange_pillars, minmay_strange_pillars,
          chequers_ossuary_entry_cave
D:9:      statuecave_lemuel, layout_basic, lightli_temple_of_fire,
          lair_entry_dummy, special_room [special_room_orc], uniq_harold
D:10:     layout_roguey, zombieorc2_lemuel, the_bakery
Temple:   nicolae_temple_figure_zero
Lair:1:   gammafunk_cloud_chamber, layout_chaotic_city, basic_altar,
          lemuel_old_faithful, grunt_megastairs_5
Lair:2:   beast_lair_carwin_large_3, layout_chaotic_city,
          nicolae_swamp_entry_splash_gauntlet, grunt_megastairs_3,
          serial_bayou_shore_a

Skill      XL: |  1  2  3  4  5  6  7  8  9 10 11 |
---------------+----------------------------------+-----
Long Blades    | 4 5 6 8 9 10 11 | 11.2
Armour         | 1 2 3 4 5 6 7 |  7.4
Short Blades   | 1 2 3 4 6 7 9 |  9.8
Fighting       | 3 4 5 6 7 |  7.9
Dodging        | 4 5 6 7 |  7.5
Throwing       | 3 4 5 6 |  6.0
Shields        | 4 |  4.6

Action                   |  1- 3 |  4- 6 |  7- 9 | 10-12 || total
-------------------------+-------+-------+-------+-------++-------
Melee: Long sword        |    46 |   108 |   197 |       ||   351
       Headbutt          |     9 |    21 |   105 |    79 ||   214
       Dagger            |     1 |       |       |       ||     1
       Falchion          |       |       |   228 |   346 ||   574
  Use: Scroll            |     2 |     3 |     7 |    10 ||    22
       Potion            |     1 |     3 |     5 |     5 ||    14
  Eat: Chunk             |       |     5 |    10 |     8 ||    23
       Ration            |       |       |     2 |     2 ||     4
Armor: Scale mail        |     7 |       |       |       ||     7
       Chain mail        |    25 |    63 |   129 |   103 ||   320
       Plate armour      |       |       |    74 |    89 ||   163
Dodge: Dodged            |    41 |    57 |   180 |   156 ||   434
Block: Buckler           |       |       |    22 |    47 ||    69
       Shield            |       |       |       |    97 ||    97
       Rpst.: Long sword |     9 |    18 |    25 |       ||    52
       Falchion          |       |       |    15 |    43 ||    58

Table legend:
 A = Non-vault XP
 B = Vault XP
 C = Vault XP percentage of total XP
 D = Non-vault monster count
 E = Vault monster count
 F = Vault count percentage of total count
                 A         B        C        D         E       F
            +---------+---------+-------+---------+---------+-------
      Total |    9986 |    5271 |  34.5 |     183 |     116 |  38.8
            +---------+---------+-------+---------+---------+-------
        D:1 |      19 |       0 |   0.0 |      11 |       0 |   0.0
        D:2 |      59 |      73 |  55.3 |      16 |       2 |  11.1
        D:3 |      80 |       0 |   0.0 |      16 |       0 |   0.0
        D:4 |     779 |       0 |   0.0 |      25 |       0 |   0.0
        D:5 |     414 |     158 |  27.6 |      13 |       1 |   7.1
        D:6 |     935 |     155 |  14.2 |      25 |      21 |  45.7
        D:7 |    1332 |       0 |   0.0 |      20 |       0 |   0.0
        D:8 |     493 |     653 |  57.0 |      15 |      20 |  57.1
        D:9 |    1779 |    1376 |  43.6 |      21 |      26 |  55.3
       D:10 |     133 |       0 |   0.0 |       2 |       0 |   0.0
     Lair:1 |    2185 |    1001 |  31.4 |      11 |       4 |  26.7
     Lair:2 |    1778 |     687 |  27.9 |       8 |       6 |  42.9
    Ossuary |       0 |    1168 | 100.0 |       0 |      36 | 100.0
            +---------+---------+-------+---------+---------+-------
